 Dungeon Crawl Stone Soup version 0.21.1-1-g345015fe64 (webtiles) character file.

1068 JarielCorvus the Thaumaturge (level 8, -2/41 HPs)
             Began as a Deep Elf Fire Elementalist on June 20, 2018.
             Was an Initiate of Qazlal.
             Slain by a wraith (6 damage)
             ... in an ossuary.
             The game lasted 00:19:51 (5782 turns).

JarielCorvus the Thaumaturge (DEFE)                 Turns: 5782, Time: 00:19:51

Health: -2/41      AC:  8    Str:  5    XL:     8   Next: 7%
Magic:  11/23      EV: 13    Int: 23    God:    Qazlal [......]
Gold:   147        SH:  0    Dex: 19    Spells: 12/25 levels left

rFire    . . .     SeeInvis .   (no weapon)
rCold    . . .     Gourm    .   (no shield)
rNeg     . . .     Faith    .   i - +1 robe
rPois    .         Spirit   .   d - +1 helmet
rElec    .         Reflect  .   (no cloak)
rCorr    .         Harm     .   o - +2 pair of gloves
MR       .....                  (no boots)
Stlth    ++........             (no amulet)
HPRegen  0.13/turn              g - +4 ring of dexterity
MPRegen  0.18/turn              (no ring)

@: very slightly contaminated, slowed, invisible (expiring), very slow
A: no striking features
a: Renounce Religion


You were in an ossuary.
You worshipped Qazlal.
Qazlal was noncommittal.
You were hungry.

You visited 2 branches of the dungeon, and saw 6 of its levels.
You also visited: Ossuary.

You collected 147 gold pieces.

Inventory:

Hand Weapons
 m - a +0 dagger
Armour
 a - a +0 robe
 d - a +1 helmet (worn)
 e - a +0 buckler
 i - a +1 robe (worn)
 n - a +0 robe
 o - a +2 pair of gloves (worn)
Jewellery
 g - a +4 ring of dexterity (left hand)
 l - an uncursed ring of see invisible {unknown}
 x - a cursed amulet of harm
Wands
 j - a wand of random effects (90)
 A - a wand of paralysis (10)
Scrolls
 t - 3 scrolls of teleportation
 u - 2 scrolls of identify
 y - a scroll of fear {unknown}
Potions
 f - a potion of invisibility
 h - a potion of lignification
 k - a potion of magic {unknown}
 q - a potion of heal wounds {unknown}
 r - a potion of brilliance {unknown}
 s - a potion of flight {unknown}
 v - 2 potions of resistance {unknown}
 w - 3 potions of cancellation {unknown}
 z - a potion of ambrosia {unknown}
Books
 b - a book of Flames

   Spells                             Type                      Level
   a - Flame Tongue                   Conjuration/Fire             1
   b - Throw Flame                    Conjuration/Fire             2
   c - Conjure Flame                  Conjuration/Fire             3
   d - Inner Flame                    Hexes/Fire                   3
   e - Sticky Flame                   Conjuration/Fire             4
   f - Fireball                       Conjuration/Fire             5
Comestibles
 c - 5 rations


   Skills:
 - Level 2.4 Dodging
 - Level 2.4 Stealth
 * Level 9.2 Spellcasting
 + Level 5.1 Conjurations
 + Level 6.1 Fire Magic


You had 12 spell levels left.
You knew the following spells:

 Your Spells              Type           Power        Failure   Level  Hunger
a - Flame Tongue          Conj/Fire      #####        1%          1    None
b - Throw Flame           Conj/Fire      #####.       1%          2    None
c - Conjure Flame         Conj/Fire      #####...     1%          3    None
d - Inner Flame           Hex/Fire       ###.....     5%          3    None
e - Sticky Flame          Conj/Fire      #####...     6%          4    ##.....


Dungeon Overview and Level Annotations

Branches:
Dungeon (5/15)             Temple (1/1) D:5

Altars:
Ashenzari
Cheibriados
Dithmenos
Elyvilon
Fedhas
Hepliaklqana
Kikubaaqudgha
Makhleb
Qazlal
Ru
Sif Muna
Trog
Uskayaw
Wu Jian
Xom
Yredelemnul
Zin


Message History

The wraith is severely damaged.
The wraith hits you but does no damage.
Casting: Flame Tongue
Confirm with . or Enter, or press ? or * to list all spells.
Aiming: Flame Tongue
Press: ? - help, Shift-Dir - straight line, f/p - wraith
Aim: a wraith (severely damaged)
The flame tongue hits the wraith.
The wraith appears unharmed.
The wraith is severely damaged.
You flicker for a moment.
The wraith closely misses you. The wraith barely misses you.
Casting: Flame Tongue
Confirm with . or Enter, or press ? or * to list all spells.
Aiming: Flame Tongue
Press: ? - help, Shift-Dir - straight line, f/p - wraith
Aim: a wraith (severely damaged)
The flame tongue hits the wraith.
The wraith is almost destroyed.
The wraith hits you.
You die...

#...............# #W# #.....#
#.###.......###.###▓#####.8.8.#
#.#z#.......# #.'.....'.......'
#.###.......###.###▓#####.8.8.#
#...............# #z# #.....#
#.###..###..###.# ### #######
#.# #..# #..#.#.# #.+
#..###..##W.# #.. ..........@.#
##############


You could see a wraith.

Vanquished Creatures
  A wraith (Ossuary)
  The ghost of abdbla the Shield-Bearer, an amateur GrFi (D:4)
  2 ogres (D:4)
  A scorpion (D:4)
  2 wights (Ossuary)
  2 howler monkeys
  A bullfrog zombie (D:5)
  2 hounds
  2 orc priests (D:4)
  A centaur skeleton (D:4)
  Jessica (D:2)
  An iguana (D:2)
  2 worker ants
  3 adders
  An adder zombie (Ossuary)
  An adder skeleton (D:5)
  A worm (D:2)
  A dart slug (D:1)
  6 leopard geckos
  12 orcs
  6 bats
  8 giant cockroaches
  8 goblins
  9 hobgoblins
  7 jackals
  A quokka (D:3)
  2 ball pythons
  3 frilled lizards
  2 hobgoblin skeletons (Ossuary)
  A hobgoblin zombie (Ossuary)
  11 kobolds
  A kobold zombie (Ossuary)
  3 orc skeletons (Ossuary)
  8 rats
114 creatures vanquished.

Vanquished Creatures (others)
  A fire vortex (D:3)
1 creature vanquished.

Grand Total: 115 creatures vanquished

Notes
Turn   | Place    | Note
-------+----------+-------------------------------------------
     0 | D:1      | JarielCorvus the Deep Elf Fire Elementalist began the quest for the Orb.
     0 | D:1      | Reached XP level 1. HP: 10/10 MP: 6/6
   296 | D:1      | Reached XP level 2. HP: 13/15 MP: 3/8
   300 | D:1      | Learned a level 2 spell: Throw Flame
   570 | D:1      | Reached skill level 4 in Spellcasting
   657 | D:1      | Reached XP level 3. HP: 19/19 MP: 7/10
   706 | D:1      | Learned a level 3 spell: Conjure Flame
   710 | D:1      | Learned a level 3 spell: Inner Flame
  1626 | D:2      | Reached XP level 4. HP: 24/24 MP: 1/12
  1790 | D:2      | Found a faded altar of an unknown god.
  2065 | D:2      | Noticed Jessica
  2067 | D:2      | Killed Jessica
  2067 | D:2      | Reached skill level 5 in Spellcasting
  2236 | D:2      | Found a shimmering altar of Xom.
  2237 | D:2      | Found a shimmering altar of Xom.
  2237 | D:2      | Found a shimmering altar of Xom.
  2244 | D:2      | Found a shimmering altar of Xom.
  2244 | D:2      | Found a shimmering altar of Xom.
  2259 | D:2      | Reached XP level 5. HP: 28/28 MP: 11/14
  2697 | D:3      | Learned a level 4 spell: Sticky Flame
  3740 | D:4      | Reached skill level 6 in Spellcasting
  3745 | D:4      | Noticed an ogre
  3750 | D:4      | Killed an ogre
  3750 | D:4      | Reached XP level 6. HP: 32/32 MP: 1/17
  4065 | D:4      | Reached skill level 7 in Spellcasting
  4065 | D:4      | Reached skill level 5 in Fire Magic
  4283 | D:4      | Reached XP level 7. HP: 29/36 MP: 17/20
  4415 | D:4      | Noticed abdbla's ghost (amateur GrFi)
  4424 | D:4      | Killed abdbla's ghost
  4424 | D:4      | Reached skill level 8 in Spellcasting
  4682 | D:4      | Found a bloodstained altar of Trog.
  4846 | D:4      | Found a burning altar of Makhleb.
  5064 | D:5      | Entered Level 5 of the Dungeon
  5099 | D:5      | Found a staircase to the Ecumenical Temple.
  5107 | Temple   | Entered the Ecumenical Temple
  5260 | Temple   | Became a worshipper of Qazlal Stormbringer
  5416 | D:5      | Found a sand-covered staircase.
  5424 | Ossuary  | Entered an ossuary
  5588 | Ossuary  | Noticed a wraith
  5588 | Ossuary  | Noticed a flying skull
  5597 | Ossuary  | Noticed a flying skull
  5622 | Ossuary  | Noticed a flying skull
  5629 | Ossuary  | Noticed a wraith
  5636 | Ossuary  | Killed a wraith
  5636 | Ossuary  | Reached skill level 9 in Spellcasting
  5636 | Ossuary  | Reached skill level 5 in Conjurations
  5636 | Ossuary  | Reached XP level 8. HP: 27/41 MP: 16/23
  5772 | Ossuary  | HP: 2/41 [wraith (5)]
  5782 | Ossuary  | Slain by a wraith

Skill      XL: |  1  2  3  4  5  6  7 |
---------------+----------------------+-----
Spellcasting   | 4 5 6 7 9 |  9.2
Conjurations   | 2 3 4 5 |  5.1
Fire Magic     | 4 5 6 |  6.1
Dodging        | |  2.4
Stealth        | |  2.4

Action                   |  1- 3 |  4- 6 |  7- 9 || total
-------------------------+-------+-------+-------++-------
Melee: Unarmed           |     4 |       |       ||     4
 Cast: Flame Tongue      |    47 |    53 |    71 ||   171
       Throw Flame       |    10 |    50 |    26 ||    86
       Inner Flame       |     6 |     8 |     1 ||    15
       Sticky Flame      |       |     1 |       ||     1
  Use: Scroll            |     1 |     3 |     4 ||     8
       Potion            |     1 |       |     4 ||     5
  Eat: Ration            |     1 |     1 |     1 ||     3
       Chunk             |       |     5 |       ||     5
Armor: Robe              |    12 |    13 |    13 ||    38
Dodge: Dodged            |    22 |    26 |    30 ||    78
